 Dungeon Crawl Stone Soup version 0.29-a0-878-g7b45a56547 (webtiles) character file.

Game seed: 11369565828522905766

49 zeratav the Stinger (level 3, 0/21 HPs)
             Began as an Octopode Venom Mage on July 20, 2022.
             Slain by a worm (11 damage)
             ... on level 2 of the Dungeon.
             The game lasted 00:01:10 (1862 turns).

zeratav the Stinger (Octopode Venom Mage)           Turns: 1862, Time: 00:01:11

Health: 0/21       AC:  1    Str:  7    XL:     3   Next: 77%
Magic:  6/6        EV: 13    Int: 19    God:
Gold:   54         SH:  0    Dex: 12    Spells: 5/6 levels left

rFire   . . .      SeeInvis .   d - +0 dagger (venom) {short}
rCold   . . .      Faith    .   (no shield)
rNeg    . . .      Spirit   .   (helmet restricted)
rPois   .          Reflect  .   (no amulet)
rElec   .          Harm     .   (no ring)
rCorr   .          Rampage  .   (no ring)
Will    .....                   (no ring)
Stlth   ++++......              (no ring)
HPRegen 0.07/turn               (no ring)
MPRegen 0.10/turn               (no ring)
                                (no ring)
                                (no ring)

@: no status effects
A: almost no armour, amphibious, 8 rings, camouflage 1, gelatinous body 1,
(nimble swimmer 1), tentacles
a: no special abilities


You were on level 2 of the Dungeon.
You visited 1 branch of the dungeon, and saw 2 of its levels.

You collected 54 gold pieces.


Innate Abilities, Weirdness & Mutations

You cannot wear most types of armour.
You are amphibious.
You can wear up to eight rings at the same time.
Your skin changes colour to match your surroundings (Stealth+).
Your rubbery body absorbs attacks. (AC +1, EV +1)
((You are camouflaged when in or above water. (Stealth+)))
You have tentacles for arms and can constrict up to eight enemies at once.


   Skills:
 - Level 2.0 Dodging
 + Level 4.4 Stealth
 - Level 2.0 Spellcasting
 - Level 1.0 Transmutations
 + Level 4.7 Poison Magic


You had 5 spell levels left.
You knew the following spells:

 Your Spells              Type           Power      Damage    Failure   Level
a - Sting                 Tmut/Pois      48%        1d5       5%          1

Your spell library contained the following spells:

 Spells                   Type           Power      Damage    Failure   Level
 Poisonous Vapours        Pois/Air       20%        N/A       10%         2
 Olgreb's Toxic Radiance  Pois           19%        N/A       24%         4
 Mephitic Cloud           Conj/Pois/Air  7%         N/A       26%         3

Inventory:

Hand Weapons
 d - a +0 dagger of venom (weapon) {short}
   (You found it on level 1 of the Dungeon)
Scrolls
 b - 5 scrolls of identify {unknown}
 c - 2 scrolls of amnesia {unknown}
 i - a scroll of vulnerability {unknown}
Potions
 a - a potion of magic
 e - a potion of ambrosia {unknown}
 f - 3 potions of degeneration {unknown}
 g - a potion of invisibility {unknown}
 h - a potion of mutation {unknown}
 j - a potion of curing {unknown}

Dungeon Overview and Level Annotations

Branches:
Dungeon (2/15) Zot: 10137

Altars:

#.########.........
###.##
.............
#....#
#############
#.#..# ####.#..# #
#.......#.#
#.##.##.#.#
#.........#.#..
#....##@.......
#......w.##.#..
#........# #
#.........
#..........
#.......?...
.........#..#
#....#.#.#..#


You could see a worm (extremely poisoned).


Message History

You puncture the endoplasm!
You kill the endoplasm!
b - 5 scrolls labelled YPATZO SEADAPP (gained 1)
An endoplasm comes into view.
An endoplasm is nearby!
An endoplasm is nearby!
The helpless endoplasm fails to defend itself.
You puncture the endoplasm!
You kill the endoplasm!
No target in view!
No target in view!
There is a stone staircase leading down here.
A frilled lizard comes into view.
A frilled lizard is nearby!
A frilled lizard is nearby!
The frilled lizard hisses angrily.
The frilled lizard barely misses you.
You completely miss the frilled lizard. Your grab misses the frilled lizard.
The frilled lizard completely misses you.
You completely miss the frilled lizard. Your grab misses the frilled lizard.
You squeeze the frilled lizard. The frilled lizard closely misses you.
You hit the frilled lizard.
You kill the frilled lizard!
No target in view!
No target in view!
No target in view!
No target in view!
A rat comes into view.
A rat is nearby!
A kobold comes into view. It is wielding a +0 short sword.
The kobold shouts!
The rat bites you.
HP[-1]
You take 1 damage, and now have 20/21 hp.
You hit the rat but do no damage. You grab the rat. You constrict the rat.
The rat misses you.
You hit the rat but do no damage. You squeeze the rat.
You kill the rat!
You closely miss the kobold. You grab the kobold.
You constrict the kobold, but do no damage.
The kobold closely misses you.
HP[+1]
Your hp is fully restored (21).
You hit the kobold but do no damage. You constrict the kobold.
The kobold barely misses you.
You hit the kobold but do no damage.
The kobold is poisoned.
You constrict the kobold. The kobold barely misses you.
You hit the kobold.
You kill the kobold!
No target in view!
No target in view!
No target in view!
No target in view!
No target in view!
No target in view!
No target in view!
No target in view!
No target in view!
No target in view!
No target in view!
No target in view!
No target in view!
No target in view!
You see here an inky potion.
A goblin is nearby!
A goblin is nearby!
j - an inky potion The helpless goblin fails to defend itself.
You puncture the goblin!
You kill the goblin!
No target in view!
No target in view!
No target in view!
No target in view!
No target in view!
No target in view!
No target in view!
No target in view!
No target in view!
No target in view!
No target in view!
No target in view!
No target in view!
A worm comes into view.
A worm is nearby!
You barely miss the worm. You grab the worm. You constrict the worm.
The worm bites you.
HP[-4]
You take 4 damage, and now have 17/21 hp.
You hit the worm.
The worm is poisoned.
You constrict the worm. You barely miss the worm. You constrict the worm.
The worm bites you.
HP[-6]
You take 6 damage, and now have 11/21 hp.
MASSIVE DAMAGE!! (PAUSE)
You hit the worm but do no damage.
The worm looks as sick as possible!
You constrict the worm. You hit the worm.
The worm looks as sick as possible!
You constrict the worm. The worm bites you!
Ouch! That really hurt!
You die...

Skill      XL: |  1  2 |
---------------+-------+-----
Stealth        | 3 4 |  4.4
Poison Magic   | 4 |  4.7
Dodging        | |  2.0
Spellcasting   | |  2.0
Transmutations | |  1.0

Action                   || total
-------------------------++-------
Melee: Dagger            ||    57
       Unarmed           ||     2
       Constrict         ||    14
       Tentacles         ||     9
       Punch             ||     1
 Cast: Sting             ||     4
 Stab: Sleeping          ||    10
Armor: Skin              ||     4
Dodge: Dodged            ||    22

Levels and vault maps discovered:
D:1:      lightli_arrival_noodles, layout_basic
D:2:      layout_basic, uniq_crazy_yiuf_cottage

Notes
Turn   | Place    | Note
-------+----------+-------------------------------------------
     0 | D:1      | zeratav the Octopode Venom Mage began the quest for the
                  | Orb.
     0 | D:1      | Reached XP level 1. HP: 11/11 MP: 3/3
     0 | D:1      | magus.rc [v1.9.6]
    69 | D:1      | Reached skill level 3 in Stealth
   526 | D:1      | Reached skill level 4 in Poison Magic
   526 | D:1      | Reached XP level 2. HP: 15/17 MP: 5/5
  1422 | D:2      | Reached skill level 4 in Stealth
  1422 | D:2      | Reached XP level 3. HP: 20/21 MP: 6/6
  1470 | D:2      | HP: 5/21 [poisoned by an adder]
  1862 | D:2      | Slain by a worm

Vanquished Creatures
  2 adders (D:2)
  A dart slug (D:2)
  4 endoplasms
  2 giant cockroaches (D:1)
  2 goblins (D:2)
  2 hobgoblins
  A bat (D:1)
  5 frilled lizards
  7 kobolds
  3 rats
29 creatures vanquished.

Table legend:
 A = Non-vault XP
 B = Vault XP
 C = Vault XP percentage of total XP
 D = Non-vault monster count
 E = Vault monster count
 F = Vault count percentage of total count
                 A         B        C        D         E       F
            +---------+---------+-------+---------+---------+-------
      Total |      71 |       0 |   0.0 |      29 |       0 |   0.0
            +---------+---------+-------+---------+---------+-------
        D:1 |      17 |       0 |   0.0 |      12 |       0 |   0.0
        D:2 |      54 |       0 |   0.0 |      17 |       0 |   0.0
            +---------+---------+-------+---------+---------+-------

Illustrated notes

Table legend:
 A = Kills in this place as a percentage of kills in entire the game.
 B = Kills by you in this place as a percentage of kills by you in the entire game.
 C = Kills by friends in this place as a percentage of kills by friends in the entire game.
 D = Other kills in this place as a percentage of other kills in the entire game.
 E = Experience gained in this place as a percentage of experience gained in the entire game.
 F = Experience gained in this place divided by the number of levels of this place that you have seen.
                   A       B       C       D       E      F
               +-------+-------+-------+-------+-------+----------------------
         Total | 100.0 | 100.0 |   N/A |   N/A | 100.0 |  35.5
       Dungeon | 100.0 | 100.0 |   N/A |   N/A | 100.0 |  35.5
               +-------+-------+-------+-------+-------+----------------------

Table legend: (Time is in decaauts)
 A = Elapsed time spent in this place.
 B = Non-inter-level travel time spent in this place.
 C = Inter-level travel time spent in this place.
 D = Time resting spent in this place.
 E = Time spent auto-exploring this place.
 F = Levels seen in this place.
 G = Mean time per level.
                   A        B        C        D        E       F      G
               +--------+--------+--------+--------+--------+-----+--------+
         Total |   1861 |   1819 |     42 |      0 |   1633 |   2 |  930.5 |
       Dungeon |   1861 |   1819 |     42 |      0 |   1633 |   2 |  930.5 |
               +--------+--------+--------+--------+--------+-----+--------+

Top non-repeatable levels by time:
     D:1: 1047 daAuts
     D:2: 813 daAuts
